 Dungeon Crawl Stone Soup version 0.20-a0-1018-ge435b50 (webtiles) character file.

97005 Gorglomux the Peltast (level 16, -2/131 HPs)
             Began as a Formicid Artificer on Apr 17, 2017.
             Was a High Priest of Trog.
             Slain by a tarantella (3 damage)
             ... on level 1 of the Spider Nest.
             The game lasted 01:18:59 (24357 turns).

Gorglomux the Peltast (Formicid Artificer)         Turns: 24357, Time: 01:19:00

Health: -2/131     AC: 26    Str: 23    XL:     16   Next: 68%
Magic:  23/23      EV:  4    Int: 11    God:    Trog [*****.]
Gold:   1553       SH:  0    Dex: 14    Spells: 15/15 levels left

rFire    . . .     SeeInvis +   J - +2 battleaxe (vamp) {!w}
rCold    . . .     Gourm    .   y - +5 large shield
rNeg     . . .     Faith    .   K - +3 crystal plate armour
rPois    +         Spirit   .   (helmet unavailable)
rElec    .         Reflect  +   b - +2 cloak
rCorr    .         Harm     .   F - +1 pair of gloves {archery}
MR       +....                  H - +1 pair of boots of Fogroebb {Str+2}
Stlth    ..........             j - +5 amulet of reflection
Regen    0.4/turn               Y - ring of poison resistance {rPois, !d}
MPRegen  0.2/turn               I - ring of stealth {Stlth+}

@: corroded, held
A: permanent stasis, dig shafts and tunnels, four strong arms, antennae 3
a: Dig, Shaft Self, Trog's Hand, Brothers in Arms, Burn Spellbooks, Renounce
Religion


You were on level 1 of the Spider Nest.
You worshipped Trog.
Trog was extremely pleased with you.
You were hungry.

You visited 5 branches of the dungeon, and saw 26 of its levels.
You also visited: Labyrinth.

You collected 2256 gold pieces.
You spent 703 gold pieces at shops.

Inventory:

Hand Weapons
 a - a +2 great mace of protection
   (You found it on level 9 of the Dungeon)
 J - a +2 vampiric battleaxe (weapon) {!w}
   (You took it off a tengu warrior on level 14 of the Dungeon)
Missiles
 z - a throwing net {=f, !d}
Armour
 b - a +2 cloak (worn)
   (You found it on level 15 of the Dungeon)
 y - a +5 large shield (worn)
   (You found it on level 8 of the Dungeon)
 F - a +1 pair of gloves of archery (worn)
   (You found it on level 6 of the Lair of Beasts)
 H - the +1 pair of boots of Fogroebb (worn) {Str+2}
   (You bought it in a shop on level 5 of the Dungeon)

   It affects your strength (+2).
 K - a +3 crystal plate armour (worn)
   (You acquired it on level 15 of the Dungeon)
Jewellery
 j - a +5 amulet of reflection (around neck)
   (You found it on level 1 of the Dungeon)
 I - a ring of stealth (right hand) {Stlth+}
   (You found it on level 3 of the Lair of Beasts)
 Q - an uncursed amulet of regeneration {+regen, !d}
   (You found it on level 7 of the Dungeon)
 Y - a ring of poison resistance (left hand) {rPois, !d}
   (You found it on level 8 of the Dungeon)
Wands
 d - a wand of enslavement (14/24)
 i - a wand of enslavement (16/24)
   (You found it on level 2 of the Lair of Beasts)
 n - a wand of paralysis (8/24)
   (You found it on level 9 of the Dungeon)
 q - a wand of lightning (1/15)
   (You found it on level 14 of the Dungeon)
 t - a wand of disintegration (8/24)
   (You found it on level 12 of the Dungeon)
 A - a wand of iceblast (6/15)
   (You found it on level 15 of the Dungeon)
 B - a wand of flame (28/48)
   (You found it on level 6 of the Lair of Beasts)
 E - a wand of random effects (10/48)
 N - a wand of digging (13/24)
   (You found it on level 7 of the Dungeon)
 O - a wand of flame (20/48)
   (You found it on level 9 of the Dungeon)
 Z - a wand of confusion (5/48)
   (You found it on level 6 of the Lair of Beasts)
Scrolls
 l - 12 scrolls of remove curse
 C - a scroll of immolation {!r}
 M - 3 scrolls of fear
 T - 2 scrolls of recharging
 W - a scroll of holy word {!r}
Potions
 c - a potion of degeneration {!q}
 g - 6 potions of curing
 h - 5 potions of might
 o - 3 potions of magic
 p - 7 potions of ambrosia
 r - 5 potions of agility
 s - 2 potions of cancellation
 u - a potion of heal wounds
 w - 2 potions of resistance
 x - 7 potions of flight
 R - 2 potions of mutation {!q}
 S - a potion of invisibility {unknown}
Miscellaneous
 e - a fan of gales
   (You found it on level 13 of the Dungeon)
 v - a phantom mirror
Comestibles
 f - 6 bread rations {@e1@e1}
 k - 9 meat rations {@e2@e2}
 m - 22 fruits
 D - 14 royal jellies
 G - 2 chunks of flesh {@w0@w0}


   Skills:
 + Level 13.6 Fighting
   Level 1.0 Short Blades
 * Level 6.5(11.8) Axes
 - Level 15.1(15.5) Maces & Flails
   Level 4.2 Crossbows
 - Level 9.0 Armour
 - Level 6.3 Dodging
 - Level 1.2 Stealth
 * Level 15.2 Shields
 + Level 10.0 Evocations


You had 15 spell levels left.
You didn't know any spells.

Dungeon Overview and Level Annotations

Branches:
Dungeon (15/15)            Temple (1/1) D:4            Lair (6/6) D:8
  Swamp (0/4) Lair:3       Spider (2/4) Lair:4        Slime (0/5) Lair:6
    Orc (2/2) D:12            Elf (0/3) Orc:2        Vaults (0/5) D:14
 Depths (0/5) D:15

Altars:
Ashenzari
Cheibriados
Dithmenos
Elyvilon
Fedhas
Gozag
Hepliaklqana
Kikubaaqudgha
Makhleb
Nemelex Xobeh
Okawaru
Qazlal
Ru
Sif Muna
Trog
Uskayaw
Vehumet
Wu Jian
Xom
Yredelemnul
Zin
The Shining One
Beogh

Shops:
D:5 [[}(   D:9 *   D:11 !   D:13 [   D:14 %   Orc:2 :[?[

Portals:
Hell: Lair:6

Annotations:
Lair:6 exclusion: 3 oklob plants


Innate Abilities, Weirdness & Mutations

You cannot be hasted, slowed, berserked, paralysed or teleported.
You can dig through walls and to a lower floor.
Your four strong arms can wield two-handed weapons with a shield.
You have a pair of large antennae on your head. (SInv)


Message History

The tarantella closely misses you.
You block the jumping spider's attack. x2
The jumping spider pounces on you but does no damage.
The jumping spider bites you but does no damage.
Unknown command.
You barely miss the redback. You slash the jumping spider!
You slash the tarantella!
You feel better.
You hit the redback.
You feel better.
You barely miss the jumping spider. You block the redback's attack.
The redback barely misses you.
You block the jumping spider's attack. x2; You block the tarantella's attack.
The jumping spider barely misses you.
The jumping spider bites you but does no damage.
The redback bites you!
* * * LOW HITPOINT WARNING * * *
You block the redback's attack. The jumping spider pounces on you.
* * * LOW HITPOINT WARNING * * *
The jumping spider bites you but does no damage.
The tarantella bites you.
* * * LOW HITPOINT WARNING * * *
You are confused.
You take 12 damage, and have 20/131 hp.
You hit the tarantella.
You feel better.
You miss the jumping spider. You completely miss the redback.
You hit the jumping spider.
You feel better.
You closely miss the redback. The jumping spider pounces on you.
* * * LOW HITPOINT WARNING * * *
The jumping spider bites you but does no damage.
The redback bites you.
* * * LOW HITPOINT WARNING * * *
The redback bites you but does no damage.
The jumping spider pounces on you!
* * * LOW HITPOINT WARNING * * *
The jumping spider bites you but does no damage.
The tarantella bites you.
* * * LOW HITPOINT WARNING * * *
You are more confused.
The redback bites you but does no damage.
The jumping spider pounces on you but does no damage.
The jumping spider bites you but does no damage.
The redback bites you.
* * * LOW HITPOINT WARNING * * *
You take 10 damage, and have 10/131 hp.
Unknown command.
Unknown command.
You feel much better.
The jumping spider pounces on you but does no damage.
The jumping spider closely misses you. The tarantella bites you.
* * * LOW HITPOINT WARNING * * *
The redback bites you but does no damage.
The jumping spider closely misses you. The jumping spider bites you.
* * * LOW HITPOINT WARNING * * *
The redback bites you.
* * * LOW HITPOINT WARNING * * *
The jumping spider pounces on you!
* * * LOW HITPOINT WARNING * * *
The jumping spider barely misses you. The tarantella bites you.
* * * LOW HITPOINT WARNING * * *
You regained 6 hp, and now have 16/131 hp.
Unknown command.
You feel better. You block the redback's attack.
You block the jumping spider's attack.
The jumping spider bites you but does no damage.
The redback bites you but does no damage.
The jumping spider pounces on you but does no damage.
The jumping spider barely misses you. You block the tarantella's attack.
The redback bites you.
* * * LOW HITPOINT WARNING * * *
You are lethally poisoned!
The redback poisons you! You block the jumping spider's attack.
The jumping spider barely misses you. The redback barely misses you.
You regained 8 hp, and now have 24/131 hp.
You feel better.
You block the jumping spider's attack. x2
The tarantella closely misses you. You block the redback's attack.
The jumping spider pounces on you.
* * * LOW HITPOINT WARNING * * *
You block the jumping spider's attack. The redback bites you.
* * * LOW HITPOINT WARNING * * *
The jumping spider barely misses you.
The jumping spider bites you but does no damage.
The tarantella bites you but does no damage.
You take 4 damage, and have 20/131 hp.
Unknown command.
Unknown command.
Are you sure you want to shaft yourself?
You are feeling hungry.
The jumping spider leaps!
You block the redback's attack.
The redback bites you but does no damage.
The jumping spider pounces on you but does no damage.
You block the jumping spider's attack. The tarantella bites you!
* * * LOW HITPOINT WARNING * * *
The redback bites you.
* * * LOW HITPOINT WARNING * * *
You block the redback's attack.
You begin to dig a shaft.
You continue digging a shaft.
The jumping spider pounces on you!
* * * LOW HITPOINT WARNING * * *
You are caught in a web!
The jumping spider bites you but does no damage.
The tarantella bites you but does no damage.
The redback bites you but does no damage. x2
The tarantella bites you.
You die...

#..## >....
###.[.#.#. #...
.#.# #..^.###.
{..##### ##.###
## #..#..## ###
#..#...#### .#..
##.s:.....# ....
#...###>..#
...#{##
##s§†##.#..##..
#.
#s@#..#######..
### ##ss.##
#....###.# #..†##
s #....##.†s
#≈##....##
##{..... #≈≈
≈#....≈.##{s.)^#.
## ≈≈ ..#
#..ss##.### #≈≈
$.. #..sss### ##≈
#..##..###..# #≈
.....#≈.^#....


You could see an orb spider, a jumping spider, a tarantella and 2 redbacks.

Vanquished Creatures
  An entropy weaver (Spider:1)
  A minotaur (Lab)
  A rakshasa (D:14)
  A yaktaur captain (D:14)
  12 hydras
  Erolcha (Orc:2)
  3 centaur warriors
  Erica (D:8)
  An ogre mage (Orc:2)
  A queen ant (Lair:6)
  The ghost of Ratty the Archer, a novice MiBe of Trog (D:9)
  7 two-headed ogres
  2 tengu warriors
  Sonja (Lair:1)
  A sun demon (Lair:6)
  An unseen horror (D:14)
  A wizard (Lair:6)
  A deep troll (D:14)
  4 wolf spiders
  2 orb spiders
  11 orc sorcerers
  Pikel (D:4)
  A necromancer (D:15)
  3 ugly things (D:12)
  3 oklob plants
  A deep elf mage (D:15)
  2 cyclopes
  2 moths of wrath (Spider:1)
  2 manticores
  9 elephants (Lair:6)
  5 black mambas
  Maurice (D:8)
  A gargoyle (D:14)
  2 torpor snails
  2 naga magi (D:15)
  Psyche (D:9)
  9 spiny frogs
  3 rime drakes
  2 kobold demonologists
  3 yaktaurs
  An ice devil (Lair:6)
  An efreet (D:15)
  5 trolls
  11 komodo dragons
  A hellwing (Lair:6)
  2 polar bears
  3 jumping spiders (Spider:1)
  2 red devils (Lair:6)
  2 tengu conjurers
  3 hornets
  A meliai (shapeshifter) (D:15)
  4 slime creatures (D:13)
  6 dream sheep
  12 hippogriffs
  15 blink frogs
  A centaur simulacrum (D:15)
  5 tarantellas
  A vampire (D:15)
  6 redbacks
  2 shadows
  A wraith (D:14)
  25 yaks
  5 wyverns
  The ghost of Hybris the Slasher, an amateur MiAK of Lugonu (D:3)
  6 basilisks
  8 hungry ghosts
  A steam dragon (D:11)
  6 swamp worms (Lair:3)
  Menkaure (D:6)
  2 wargs (Orc:2)
  15 soldier ants
  An acid dragon (D:13)
  4 hell hounds (Lair:6)
  8 water moccasins
  Duvessa (D:6)
  4 porcupines
  A black bear (D:7)
  2 sky beasts
  4 ice beasts
  17 orc warriors
  A hornet zombie (D:12)
  9 wolves
  14 ogres
  20 centaurs
  10 crocodiles
  Blork the orc (D:4)
  12 big kobolds
  A gnoll sergeant (D:7)
  2 wyvern zombies
  18 bullfrogs
  Dowan (D:6)
  A wyvern skeleton (D:12)
  4 scorpions
  8 killer bees
  A water moccasin skeleton (D:6)
  4 howler monkeys
  19 wights
  5 electric eels
  4 bullfrog zombies
  9 crimson imps
  4 hounds
  5 jellies
  7 centaur zombies
  11 orc priests
  36 orc wizards
  5 bullfrog skeletons
  4 centaur skeletons
  An iguana (D:11)
  24 worker ants
  A killer bee zombie (D:10)
  A hound zombie (D:5)
  8 gnolls
  19 adders
  A howler monkey skeleton (D:10)
  An ooze (D:2)
  A worm (D:2)
  3 dart slugs
  2 leopard geckos
  54 orcs
  3 giant cockroaches
  10 goblins
  8 hobgoblins
  40 kobolds
  4 quokkas
  A ball python (D:3)
  10 bats
  5 frilled lizards
  A leopard gecko skeleton (D:5)
  A quokka skeleton (D:6)
  4 rats
724 creatures vanquished.

Vanquished Creatures (collateral kills)
  Agnes (D:15)
  2 entropy weavers (Lair:6)
  A hydra (D:15)
  A cyclops (D:9)
  An orange demon (Lair:6)
  A red devil (Lair:6)
  An ice devil (Lair:6)
  5 blink frogs (Lair:6)
  3 soldier ants
  2 hell hounds (Lair:6)
  A wight (D:15)
  2 worker ants (Lair:6)
  An adder (D:11)
  2 orcs (D:4)
  A kobold (D:11)
25 creatures vanquished.

Vanquished Creatures (others)
  Aizul (Spider:1)
  2 kobold demonologists (D:11)
  An efreet (D:15)
  A steam dragon (D:8)
  An ice beast (D:8)
  An orc wizard (Orc:2)
  A dart slug (D:1)
  A bat (D:1)
  A bush (Lair:6)
  A butterfly (D:4)
  7 fungi
  7 plants (Lair:6)
25 creatures vanquished.

Grand Total: 774 creatures vanquished

Notes
Turn   | Place    | Note
-------+----------+-------------------------------------------
     0 | D:1      | Gorglomux the Formicid Artificer began the quest for the Orb.
     0 | D:1      | Reached XP level 1. HP: 15/15 MP: 3/3
   126 | D:1      | Reached XP level 2. HP: 18/21 MP: 4/4
   141 | D:1      | Reached skill level 1 in Armour
   396 | D:1      | Reached skill level 2 in Fighting
   403 | D:1      | Reached XP level 3. HP: 19/27 MP: 5/5
   669 | D:2      | Found a shimmering altar of Xom.
   719 | D:2      | HP: 7/28 [poisoned by an adder]
  1028 | D:2      | Reached skill level 4 in Evocations
  1028 | D:2      | Reached XP level 4. HP: 24/34 MP: 5/7
  1115 | D:2      | Reached skill level 2 in Armour
  1355 | D:3      | Noticed Hybris's ghost (amateur MiAK)
  1365 | D:3      | Killed Hybris's ghost
  1365 | D:3      | Reached skill level 3 in Fighting
  1365 | D:3      | Reached skill level 3 in Armour
  1365 | D:3      | Reached XP level 5. HP: 33/41 MP: 8/8
  1365 | D:3      | Reached XP level 6. HP: 38/47 MP: 9/9
  1418 | D:3      | Found an ornate altar of the Wu Jian Council.
  1543 | D:3      | Noticed an ice beast
  1569 | D:3      | HP: 9/48 [ice beast (5)]
  1577 | D:3      | Killed an ice beast
  1577 | D:3      | Reached skill level 4 in Fighting
  1577 | D:3      | Reached skill level 5 in Evocations
  2339 | D:3      | Found a blossoming altar of Fedhas.
  2424 | D:4      | Reached XP level 7. HP: 28/54 MP: 11/11
  2612 | D:4      | Reached skill level 4 in Armour
  2804 | D:4      | Noticed Pikel
  2834 | D:4      | Killed Pikel
  2834 | D:4      | Reached skill level 5 in Fighting
  2834 | D:4      | Reached skill level 5 in Armour
  2834 | D:4      | Reached skill level 6 in Evocations
  2834 | D:4      | Reached XP level 8. HP: 38/62 MP: 12/12
  2893 | D:4      | Noticed Blork the orc
  2904 | D:4      | Killed Blork the orc
  2964 | D:4      | kuniqs: hi
  2970 | D:4      | Found a staircase to the Ecumenical Temple.
  3017 | Temple   | Entered the Ecumenical Temple
  3242 | Temple   | Gorglomux: hi !
  3242 | Temple   | Gorglomux: hmm which god to take :D too much choice
  3242 | Temple   | Gorglomux: hmm let me think
  3296 | Temple   | Became a worshipper of Trog the Wrathful
  3557 | D:5      | Entered Level 5 of the Dungeon
  3592 | D:5      | Reached skill level 1 in Maces & Flails
  3700 | D:5      | Reached skill level 2 in Maces & Flails
  3973 | D:5      | Found Puac's Gadget Shop.
  4000 | D:5      | Found Muofiax's Weapon Shoppe.
  4241 | D:5      | Found a sacrificial altar of Ru.
  4474 | D:5      | Found Qivut's Antique Armour Emporium.
  4476 | D:5      | Reached skill level 6 in Fighting
  4476 | D:5      | Reached skill level 3 in Maces & Flails
  4602 | D:5      | Bought a pair of ichor-stained boots for 190 gold pieces
  4607 | D:5      | Identified the +1 pair of boots of Fogroebb {Str+2} (You bought it in a shop on level 5 of the Dungeon)
  4651 | D:5      | Found Peollepn's Antique Armour Shop.
  4805 | D:6      | kuniqs: chei?
  4809 | D:6      | Reached skill level 6 in Armour
  4835 | D:6      | Gorglomux: TROG
  4835 | D:6      | Gorglomux: GRAAAAAA
  4835 | D:6      | Reached XP level 9. HP: 61/69 MP: 13/13
  4882 | D:6      | Reached * piety under Trog
  4893 | D:6      | Reached skill level 4 in Maces & Flails
  4923 | D:6      | Found a radiant altar of Vehumet.
  4964 | D:6      | Noticed Dowan
  4968 | D:6      | Noticed Duvessa
  4976 | D:6      | Killed Duvessa
  4977 | D:6      | Killed Dowan
  5039 | D:6      | Found a radiant altar of Vehumet.
  5058 | D:6      | Gorglomux: wait
  5058 | D:6      | Gorglomux: im a fucking genious XD
  5058 | D:6      | Gorglomux: trog with stasis
  5060 | D:6      | Reached skill level 5 in Maces & Flails
  5334 | D:6      | Noticed Menkaure
  5344 | D:6      | Killed Menkaure
  5344 | D:6      | Reached skill level 7 in Fighting
  5924 | D:7      | Reached skill level 7 in Armour
  5962 | D:7      | Reached skill level 6 in Maces & Flails
  6426 | D:7      | Reached ** piety under Trog
  6426 | D:7      | Reached XP level 10. HP: 46/79 MP: 14/14
  6563 | D:8      | Noticed Maurice
  6564 | D:8      | Reached skill level 7 in Maces & Flails
  6583 | D:8      | Killed Maurice
  6583 | D:8      | Reached skill level 8 in Fighting
  6723 | D:8      | Noticed a two-headed ogre
  6731 | D:8      | Killed a two-headed ogre
  6731 | D:8      | Reached skill level 8 in Maces & Flails
  6731 | D:8      | Reached skill level 8 in Armour
  6891 | D:8      | Noticed Erica
  6908 | D:8      | Killed Erica
  6970 | D:8      | Noticed a two-headed ogre
  7050 | D:8      | Killed a two-headed ogre
  7050 | D:8      | Reached skill level 9 in Maces & Flails
  7469 | D:8      | Found a shadowy altar of Dithmenos.
  7535 | D:8      | Reached skill level 9 in Fighting
  7535 | D:8      | Reached XP level 11. HP: 88/89 MP: 15/15
  7669 | D:8      | Reached skill level 9 in Armour
  7704 | D:8      | Found a staircase to the Lair.
  7745 | D:8      | Reached skill level 1 in Crossbows
  7745 | D:8      | Reached skill level 2 in Dodging
  8250 | D:9      | Reached skill level 2 in Crossbows
  8379 | D:9      | Noticed a cyclops
  8380 | D:9      | Found a large runed door.
  8381 | D:9      | Found a large runed door.
  8398 | D:9      | Found Zutruwegg's General Store.
  8400 | D:9      | Noticed Psyche
  8409 | D:9      | Bought a potion of might for 56 gold pieces
  8409 | D:9      | Bought a potion of mutation for 112 gold pieces
  8432 | D:9      | Killed Psyche
  9017 | D:9      | Reached skill level 3 in Crossbows
  9112 | D:9      | Reached *** piety under Trog
  9174 | D:9      | Noticed a cyclops
  9176 | D:9      | Noticed a centaur warrior
  9177 | D:9      | Found an iron altar of Okawaru.
  9177 | D:9      | Found an iron altar of Okawaru.
  9187 | D:9      | Killed a cyclops
  9187 | D:9      | Reached skill level 10 in Maces & Flails
  9197 | D:9      | Killed a centaur warrior
  9212 | D:9      | Killed a cyclops
  9212 | D:9      | Reached skill level 3 in Dodging
  9242 | D:9      | Reached skill level 4 in Crossbows
  9302 | D:10     | Entered Level 10 of the Dungeon
  9760 | D:9      | Noticed Ratty's ghost (novice MiBe)
  9789 | D:9      | Killed Ratty's ghost
  9789 | D:9      | Reached skill level 1 in Shields
  9934 | D:10     | Reached skill level 2 in Shields
 10086 | D:11     | Noticed a two-headed ogre
 10094 | D:11     | Killed a two-headed ogre
 10094 | D:11     | Reached skill level 4 in Dodging
 10094 | D:11     | Reached XP level 12. HP: 97/97 MP: 16/16
 10140 | D:11     | Noticed a soul eater
 10147 | D:11     | Reached skill level 3 in Shields
 10167 | D:11     | Noticed a sun demon
 10171 | D:11     | HP: 8/97 [sun demon[a kobold demonologist] (19)]
 10172 | D:11     | Reached skill level 10 in Fighting
 10355 | D:11     | Reached **** piety under Trog
 10355 | D:11     | Reached skill level 4 in Shields
 10420 | D:11     | Found Liofaash's Distillery.
 10423 | D:11     | Bought a potion of lignification for 45 gold pieces
 10423 | D:11     | Bought a potion of agility for 60 gold pieces
 10553 | D:11     | Noticed a centaur warrior
 10561 | D:11     | Killed a centaur warrior
 10561 | D:11     | Reached skill level 11 in Maces & Flails
 10587 | D:11     | Reached skill level 5 in Shields
 11047 | D:11     | Reached ***** piety under Trog
 11051 | D:11     | HP: 23/97 [orc wizard/magic dart (7)]
 11053 | D:11     | HP: 11/97 [orc priest/divine providence (12)]
 11280 | D:11     | Reached skill level 6 in Shields
 11490 | D:12     | Received a gift from Trog
 11515 | D:12     | Found a staircase to the Orcish Mines.
 11845 | D:12     | Reached skill level 7 in Shields
 11893 | D:12     | Noticed a seven-headed hydra
 11903 | D:12     | Killed a seven-headed hydra
 11948 | D:12     | Reached skill level 5 in Dodging
 12020 | D:11     | Reached XP level 13. HP: 104/104 MP: 17/17
 12115 | Lair:1   | Entered Level 1 of the Lair of Beasts
 12185 | Lair:1   | Reached skill level 12 in Maces & Flails
 12354 | Lair:1   | Reached skill level 8 in Shields
 12504 | Lair:1   | Noticed Sonja
 12526 | Lair:1   | Killed Sonja
 12959 | Lair:2   | Found a labyrinth entrance.
 12982 | Lab      | Entered a labyrinth
 13237 | Lab      | Reached skill level 11 in Fighting
 13257 | Lab      | Noticed a minotaur
 13263 | Lab      | Killed a minotaur
 13265 | Lab      | Got a transparent buckler
 13267 | Lab      | Received a gift from Trog
 13280 | Lab      | Identified the cursed +0 buckler of Acetz {-Tele Str+7} (You found it in a labyrinth)
 13294 | Lab      | Got a ripped robe
 13334 | Lair:2   | Reached skill level 9 in Shields
 13358 | Lair:2   | kuniqs: reflection ammy?
 13502 | Lair:2   | Found a radiant altar of Vehumet.
 13553 | Lair:2   | Noticed an eight-headed hydra
 13554 | Lair:2   | Gorglomux: well i prefer regen in lair
 13554 | Lair:2   | Gorglomux: not a lot of projectile
 13575 | Lair:2   | Killed an eight-headed hydra
 13634 | Lair:2   | Reached skill level 6 in Dodging
 14083 | Lair:3   | Noticed a five-headed hydra
 14090 | Lair:3   | Killed a five-headed hydra
 14090 | Lair:3   | Reached skill level 13 in Maces & Flails
 14448 | Lair:3   | Found a staircase to the Swamp.
 14461 | Lair:3   | Reached skill level 10 in Shields
 14986 | Lair:4   | Found a hole to the Spider Nest.
 15272 | Lair:4   | Reached XP level 14. HP: 113/113 MP: 18/18
 15281 | Lair:4   | Got a slimy shortbow
 15282 | Lair:4   | Identified the +7 shortbow "Zoryviyz" {velocity, rC++} (You found it on level 4 of the Lair of Beasts)
 15839 | Lair:4   | Reached skill level 11 in Shields
 16357 | Lair:5   | Reached skill level 7 in Evocations
 16922 | Lair:6   | Entered Level 6 of the Lair of Beasts
 16926 | Lair:6   | Received a gift from Trog
 16949 | Lair:6   | Reached skill level 12 in Fighting
 17154 | Lair:6   | Reached skill level 14 in Maces & Flails
 17198 | Lair:6   | Noticed an entropy weaver
 17200 | Lair:6   | Noticed an entropy weaver
 17227 | Lair:6   | HP: 27/115 [entropy weaver (13)]
 17227 | Lair:6   | Killed an entropy weaver
 17232 | Lair:6   | HP: 27/115 [poisoned by a soldier ant]
 17236 | Lair:6   | Killed an entropy weaver
 17237 | Lair:6   | HP: 26/115 [poisoned by a soldier ant]
 17340 | Lair:6   | Gorglomux: wew that was close
 17340 | Lair:6   | Gorglomux: ill be right back in 30 mins or so
 17340 | Lair:6   | kuniqs: bye
 17340 | Lair:6   | Gorglomux: aaaalright
 17340 | Lair:6   | Gorglomux: lets kick ass
 17468 | Lair:6   | Reached skill level 12 in Shields
 17829 | Lair:6   | Received a gift from Trog
 17968 | Lair:6   | Found a staircase to the Slime Pits.
 18318 | Lair:6   | Reached XP level 15. HP: 119/122 MP: 20/20
 18332 | Lair:6   | Reached skill level 8 in Evocations
 18439 | Lair:6   | Found a burning altar of Makhleb.
 18453 | Lair:6   | Found a gateway to Hell.
 18744 | Lair:6   | Reached skill level 13 in Shields
 19438 | D:13     | Found Qunamnen's Antique Armour Shop.
 19599 | D:13     | Reached skill level 15 in Maces & Flails
 19783 | D:13     | Received a gift from Trog
 19960 | D:14     | Gorglomux: :o
 19960 | D:14     | Gorglomux: VAMP BATTLEAXE
 19982 | D:14     | Found a shimmering altar of Xom.
 19992 | D:14     | Found a shimmering altar of Xom.
 20000 | D:14     | Reached skill level 1 in Axes
 20004 | D:14     | Found a shimmering altar of Xom.
 20005 | D:14     | Found a shimmering altar of Xom.
 20006 | D:14     | Found a shimmering altar of Xom.
 20006 | D:14     | Found a shimmering altar of Xom.
 20009 | D:14     | Found a shimmering altar of Xom.
 20025 | D:14     | Reached skill level 9 in Evocations
 20087 | D:14     | Found Biloatex's Food Shoppe.
 20129 | D:14     | kuniqs: rng meltdown in 3... 2... 1...
 20181 | D:14     | Reached skill level 2 in Axes
 20205 | D:14     | Found a gate to the Vaults.
 20476 | D:15     | Entered Level 15 of the Dungeon
 20504 | D:14     | Reached skill level 13 in Fighting
 20537 | D:15     | Reached skill level 3 in Axes
 20742 | D:15     | Noticed Agnes
 20750 | D:15     | Killed Agnes
 20750 | D:15     | Reached skill level 14 in Shields
 20766 | D:15     | Received a gift from Trog
 20872 | D:15     | Identified a scroll of acquirement
 21113 | D:15     | Reached XP level 16. HP: 120/130 MP: 22/22
 21167 | D:15     | Found a staircase to the Depths.
 21192 | D:15     | Received a gift from Trog
 21192 | D:15     | Reached skill level 4 in Axes
 21418 | D:15     | Reached ****** piety under Trog
 21638 | D:15     | Got a twisted scale mail
 22070 | Orc:1    | Entered Level 1 of the Orcish Mines
 22400 | Orc:2    | Entered Level 2 of the Orcish Mines
 22555 | Orc:2    | HP: 29/131 [orc sorcerer/bolt of fire (36)]
 22631 | Orc:2    | Found a staircase to the Elven Halls.
 22875 | Orc:2    | Identified the +4 scale mail of Saetov {Str-5 Dex+3 SInv} (You took it off a wight on level 15 of the Dungeon)
 22938 | Orc:2    | Reached skill level 5 in Axes
 23112 | Orc:2    | Received a gift from Trog
 23136 | Orc:2    | Found Beolay's Antique Armour Emporium.
 23157 | Orc:2    | Found Qiebo's Antique Armour Shoppe.
 23178 | Orc:2    | Found a radiant altar of Vehumet.
 23179 | Orc:2    | Noticed Erolcha
 23190 | Orc:2    | Killed Erolcha
 23214 | Orc:2    | Found an ancient bone altar of Kikubaaqudgha.
 23258 | Orc:2    | Found Peush's Book Shoppe.
 23258 | Orc:2    | Found a roughly hewn altar of Beogh.
 23287 | Orc:2    | Found Ycwucweag's Magic Scroll Shoppe.
 23303 | Orc:2    | Bought a scroll of torment for 120 gold pieces
 23303 | Orc:2    | Bought a scroll of enchant weapon for 120 gold pieces
 23719 | Spider:1 | Entered Level 1 of the Spider Nest
 23771 | Spider:1 | Noticed Aizul
 23808 | Spider:1 | Killed Aizul
 23808 | Spider:1 | Reached skill level 6 in Axes
 23808 | Spider:1 | Reached skill level 15 in Shields
 24208 | Spider:1 | HP: 28/131 [wolf spider (11)]
 24212 | Spider:1 | You fall through a shaft!
 24264 | Spider:2 | Received a gift from Trog
 24338 | Spider:1 | Reached skill level 10 in Evocations
 24346 | Spider:1 | HP: 29/131 [entropy weaver (4)]
 24351 | Spider:1 | HP: 28/131 [redback (10)]
 24352 | Spider:1 | HP: 12/131 [tarantella (5)]
 24357 | Spider:1 | HP: 1/131 [jumping spider (9)]
 24357 | Spider:1 | Slain by a tarantella

Vault maps used:
D:1:      lightli_arrival_chessboard, lemuel_flame_loot_1
D:2:      overflow_temple_1_default, kennysheep_nub
D:3:      fedhas_altar_4, st_stairs_11, minmay_misc_feat_ornament,
          hangedman_decor_slide_cut, lemuel_statue_altar
D:4:      minmay_temple_entry_butterflies, uniq_pikel, uniq_blork_the_orc
D:5:      kb_forest_paths, serial_shops, shop, shop, shop, shop, first_bread,
          nicolae_ru_awakened_eye
D:6:      lemuel_crystal_altar, vehumet_altar_wand_db, uniq_duvessa,
          uniq_menkaure
D:7:      kennysheep_donut
D:8:      marbit_many_paths, erik_lair_dragon, uniq_maurice, uniq_erica
D:9:      okawaru_arena_lexackson, serial_shops, shop, uniq_psyche
D:10:     hangedman_pestilent_swarm, hangedman_decor_opposing
D:11:     serial_shops, kennysheep_mini
D:12:     orc_0_dummy, kennysheep_small_square
D:13:     serial_shops, nicolae_shop_competitors_out_of_business
D:14:     david_vaults_2, serial_shops, shop, nicolae_xom_altar_mimics,
          spider_trap
D:15:     grunt_enter_depths_magical_seal, serial_corexii_hall,
          corexii_hall_statues_x, corexii_hall_statues_deadend,
          lightli_fourway_metalbox, uniq_agnes
Temple:   dpeg_five_rooms_temple
Lair:1:   minmay_lair_oklob_chamber, infiniplex_staircase_pool_2, uniq_sonja
Lair:2:   lab_entry_generic, serial_bayou_pond_d, lemuel_oklob_altar,
          infiniplex_staircase_pool, grunt_megastairs_2
Lair:3:   nicolae_swamp_entry_splash_gauntlet, serial_bayou_pond_e,
          lemuel_fruit_tree
Lair:4:   spider_nest_entry_web_field, beast_lair_carwin_11,
          serial_bayou_shore_a
Lair:6:   evil_forest, minmay_slime_entry_oklob_enclosed, enter_volcano_3,
          grunt_forest_small_clearings, zaba_antful_of_joy, grunt_megastairs_5
Spider:1: uniq_aizul
Spider:2: spider_trap
Orc:1:    nicolae_orc_accident_1
Orc:2:    kennysheep_orc_mage_school
Lab:      labyrinth_skeletal_remains, nicolae_lab_flowing_pool

Skill      XL: |  1  2  3  4  5  6  7  8  9 10 11 12 13 14 15 16 |
---------------+-------------------------------------------------+-----
Armour         | 1 3 5 6 7 8 9 |  9.0
Fighting       | 2 3 4 5 6 7 9 10 11 12 13 | 13.6
Evocations     | 4 5 6 7 9 10 | 10.0
Maces & Flails | 3 6 9 10 11 13 14 15 | 15.1
Crossbows      | 4 |  4.2
Dodging        | 4 5 6 |  6.3
Shields        | 2 7 10 12 14 15 | 15.2
Axes           | 3 6 |  6.5
Short Blades   | |  1.0
Stealth        | |  1.2

Action                   |  1- 3 |  4- 6 |  7- 9 | 10-12 | 13-15 | 16-18 || total
-------------------------+-------+-------+-------+-------+-------+-------++-------
Melee: Short sword       |    21 |       |       |       |       |       ||    21
       Dagger            |    75 |    93 |    36 |       |       |       ||   204
       Whip              |       |       |   297 |   285 |       |       ||   582
       Great mace        |       |       |       |   529 |  1139 |       ||  1668
       Quarterstaff      |       |       |       |       |   152 |       ||   152
       Battleaxe         |       |       |       |       |   228 |   520 ||   748
 Fire: Shortbow          |       |       |    17 |     6 |       |       ||    23
       Hand crossbow     |       |       |       |     9 |     1 |       ||    10
Throw: Tomahawk          |       |       |    84 |    59 |       |       ||   143
Invok: Burn Spellbooks   |       |       |     1 |     2 |     5 |     1 ||     9
       Trog's Hand       |       |       |       |     1 |     4 |     7 ||    12
       Brothers in Arms  |       |       |       |       |     2 |     1 ||     3
 Abil: Dig               |       |       |       |     7 |    14 |     2 ||    23
       Shaft Self        |       |       |       |       |       |     2 ||     2
Evoke: Wand              |     1 |     8 |     5 |    40 |    18 |     9 ||    81
  Use: Scroll            |       |       |     7 |     5 |    23 |     3 ||    38
       Potion            |       |       |       |       |     2 |     8 ||    10
 Stab: Sleeping          |     2 |     1 |     1 |       |       |       ||     4
       Betrayed ally     |       |       |     1 |     1 |       |       ||     2
       Confused          |       |       |       |     5 |     1 |       ||     6
       Distracted        |       |       |       |     2 |       |       ||     2
       Paralysed         |       |       |       |     4 |     8 |       ||    12
  Eat: Chunk             |       |     5 |    13 |    32 |    46 |    11 ||   107
       Bread ration      |       |       |       |     1 |     1 |     1 ||     3
       Royal jelly       |       |       |       |       |     3 |       ||     3
Armor: Leather armour    |    25 |    17 |    40 |       |       |       ||    82
       Plate armour      |       |       |    33 |   752 |   722 |       ||  1507
       Crystal plate arm |       |       |       |       |     7 |   319 ||   326
Dodge: Dodged            |    62 |    53 |   165 |   342 |   329 |   120 ||  1071
Block: Other             |     3 |    20 |    52 |       |       |       ||    75
       Reflection        |       |       |     1 |       |       |     8 ||     9
       Large shield      |       |       |       |   323 |  1789 |   830 ||  2942

Vault maps used:
D:1:      lightli_arrival_chessboard, lemuel_flame_loot_1
D:2:      overflow_temple_1_default, kennysheep_nub
D:3:      fedhas_altar_4, st_stairs_11, minmay_misc_feat_ornament,
          hangedman_decor_slide_cut, lemuel_statue_altar
D:4:      minmay_temple_entry_butterflies, uniq_pikel, uniq_blork_the_orc
D:5:      kb_forest_paths, serial_shops, shop, shop, shop, shop, first_bread,
          nicolae_ru_awakened_eye
D:6:      lemuel_crystal_altar, vehumet_altar_wand_db, uniq_duvessa,
          uniq_menkaure
D:7:      kennysheep_donut
D:8:      marbit_many_paths, erik_lair_dragon, uniq_maurice, uniq_erica
D:9:      okawaru_arena_lexackson, serial_shops, shop, uniq_psyche
D:10:     hangedman_pestilent_swarm, hangedman_decor_opposing
D:11:     serial_shops, kennysheep_mini
D:12:     orc_0_dummy, kennysheep_small_square
D:13:     serial_shops, nicolae_shop_competitors_out_of_business
D:14:     david_vaults_2, serial_shops, shop, nicolae_xom_altar_mimics,
          spider_trap
D:15:     grunt_enter_depths_magical_seal, serial_corexii_hall,
          corexii_hall_statues_x, corexii_hall_statues_deadend,
          lightli_fourway_metalbox, uniq_agnes
Temple:   dpeg_five_rooms_temple
Lair:1:   minmay_lair_oklob_chamber, infiniplex_staircase_pool_2, uniq_sonja
Lair:2:   lab_entry_generic, serial_bayou_pond_d, lemuel_oklob_altar,
          infiniplex_staircase_pool, grunt_megastairs_2
Lair:3:   nicolae_swamp_entry_splash_gauntlet, serial_bayou_pond_e,
          lemuel_fruit_tree
Lair:4:   spider_nest_entry_web_field, beast_lair_carwin_11,
          serial_bayou_shore_a
Lair:6:   evil_forest, minmay_slime_entry_oklob_enclosed, enter_volcano_3,
          grunt_forest_small_clearings, zaba_antful_of_joy, grunt_megastairs_5
Spider:1: uniq_aizul
Spider:2: spider_trap
Orc:1:    nicolae_orc_accident_1
Orc:2:    kennysheep_orc_mage_school
Lab:      labyrinth_skeletal_remains, nicolae_lab_flowing_pool

Table legend:
 A = Turns spent in this place as a percentage of turns spent in the entire game.
 B = Non-inter-level travel turns spent in this place as a percentage of non-inter-level travel turns spent in the entire game.
 C = Inter-level travel turns spent in this place as a percentage of turns spent in this place.
 D = Turns resting spent in this place as a percentage of non-inter-level travel turns spent in this place.
 E = Turns spent auto-exploring this place as a percentage of non-inter-level travel turns spent in this place.
 F = Non-inter-level travel turns spent in this place divided by the number of levels of this place that you've seen.
                   A       B       C       D       E      F
               +-------+-------+-------+-------+-------+----------------------
         Total | 100.0 | 100.0 |   0.4 |   1.7 |   8.4 | 360.3
       Dungeon |  56.3 |  56.3 |   0.5 |   2.0 |  10.4 | 364.9
        Temple |   0.2 |   0.2 |   9.5 |   0.0 |  89.5 |  19.0
          Lair |  29.4 |  29.4 |   0.3 |   1.4 |   6.2 | 477.5
   Spider Nest |   3.3 |   3.3 |   0.0 |   1.9 |   3.8 | 159.0
  Orcish Mines |   7.3 |   7.3 |   0.3 |   0.8 |   6.2 | 354.0
     Labyrinth |   3.5 |   3.5 |   0.0 |   0.0 |   0.0 | 345.0
               +-------+-------+-------+-------+-------+----------------------

Table legend:
 A = Kills in this place as a percentage of kills in entire the game.
 B = Kills by you in this place as a percentage of kills by you in the entire game.
 C = Kills by friends in this place as a percentage of kills by friends in the entire game.
 D = Other kills in this place as a percentage of other kills in the entire game.
 E = Experience gained in this place as a percentage of experience gained in the entire game.
 F = Experience gained in this place divided by the number of levels of this place that you have seen.
                   A       B       C       D       E      F
               +-------+-------+-------+-------+-------+----------------------
         Total | 100.0 | 100.0 | 100.0 | 100.0 | 100.0 | 5132.6
       Dungeon |  59.2 |  59.9 |  36.0 |  75.0 |  42.2 | 3895.8
          Lair |  27.0 |  25.9 |  64.0 |   0.0 |  40.0 | 9247.0
   Spider Nest |   3.5 |   3.5 |   0.0 |  25.0 |   8.2 | 5693.5
  Orcish Mines |   9.8 |  10.2 |   0.0 |   0.0 |   8.4 | 5805.5
     Labyrinth |   0.5 |   0.6 |   0.0 |   0.0 |   1.2 | 1662.0
               +-------+-------+-------+-------+-------+----------------------
